 Dungeon Crawl Stone Soup version 0.29-a0-371-g91724d5b39 (webtiles) character file.

Game seed: 14235532409259927556

46 lesaewzxc the Vexing (level 3, -2/21 HPs)
             Began as a Kobold Arcane Marksman on May 2, 2022.
             Slain by a gnoll
             ... wielding a +0 flail
              (4 damage)
             ... on level 3 of the Dungeon.
             The game lasted 00:13:49 (1163 turns).

lesaewzxc the Vexing (Kobold Arcane Marksman)       Turns: 1163, Time: 00:13:52

Health: -2/21      AC:  4    Str:  7    XL:     3   Next: 92%
Magic:  5/5        EV: 15    Int: 16    God:
Gold:   6          SH:  0    Dex: 15    Spells: 4/5 levels left

rFire   . . .      SeeInvis .   a - +0 hand crossbow
rCold   . . .      Faith    .   (no shield)
rNeg    . . .      Spirit   .   b - +0 robe
rPois   .          Reflect  .   i - +1 helmet
rElec   .          Harm     .   (no cloak)
rCorr   .          Rampage  .   (no gloves)
Will    .....                   (no boots)
Stlth   ++........              (no amulet)
HPRegen 0.07/turn               (no ring)
MPRegen 0.09/turn               (no ring)

@: flying
A: small, no large weapons, nightstalker 3
a: no special abilities


You were on level 3 of the Dungeon.
You visited 1 branch of the dungeon, and saw 3 of its levels.

You collected 48 gold pieces.
You spent 42 gold pieces at shops.

Inventory:

Hand Weapons
 a - a +0 hand crossbow (weapon)
Armour
 b - a +0 robe (worn)
 i - a +1 helmet (worn)
Wands
 j - a wand of flame (11) (quivered)
Scrolls
 c - a scroll of vulnerability
 e - a scroll of identify {unknown}
 f - a scroll of enchant armour {unknown}
 h - a scroll of immolation {unknown}
 k - 2 scrolls of blinking {unknown}


   Skills:
 + Level 1.8 Fighting
 + Level 3.3 Crossbows
 + Level 3.0 Dodging
 + Level 1.7 Spellcasting
 + Level 3.3 Hexes


You had 4 spell levels left.
You knew the following spells:

 Your Spells              Type           Power      Damage    Failure   Level
a - Slow                  Hex            48%        N/A       5%          1

Your spell library contained the following spells:

 Spells                   Type           Power      Damage    Failure   Level
 Inner Flame              Hex/Fire       6%         N/A       32%         3
 Portal Projectile        Hex/Tloc       12%        N/A       32%         3
 Cause Fear               Hex            6%         N/A       47%         4


Dungeon Overview and Level Annotations

Branches:
Dungeon (3/15)

Altars:
Trog

Shops:
D:1 [   D:2 !

Annotations:
D:3 Grinder


Innate Abilities, Weirdness & Mutations

You are small and have problems with some larger weapons.
You are completely attuned to the shadows.


Message History

It was a potion of flight.
You feel very buoyant.
You fly up into the air.
The bat closely misses you. The bat barely misses you.
The gnoll closely misses you.
The kobold hits you with a +0 short sword.
You aren't carrying any potions.
Sorry, you're not good enough to have a special ability.
Aiming: Throw Flame
Press: ? - help, Q - select action, (/) - cycle Shift-Dir - straight line, f - gnoll
Aim: a gnoll, wielding a +0 flail (72% to hit)
The puff of flame hits the gnoll.
The gnoll is lightly wounded.
The bat completely misses you.
The gnoll hits you from afar with a +0 spear.
* * * LOW HITPOINT WARNING * * *
The kobold misses you.
Aiming: Throw Flame
Press: ? - help, Q - select action, (/) - cycle Shift-Dir - straight line, f/p - gnoll
Aim: a gnoll, wielding a +0 flail (lightly wounded, 72% to hit)
The puff of flame hits the gnoll!
The gnoll is severely wounded.
The gnoll hits you from afar with a +0 spear.
* * * LOW HITPOINT WARNING * * *
The kobold misses you. The gnoll completely misses you.
The bat closely misses you.
Aiming: Throw Flame
Press: ? - help, Q - select action, (/) - cycle Shift-Dir - straight line, f/p - gnoll
Aim: a gnoll, wielding a +0 flail (severely wounded, 72% to hit)
The puff of flame hits the gnoll.
The gnoll is almost dead.
The bat misses you. The bat closely misses you. The gnoll barely misses you.
The gnoll completely misses you. The gnoll closely misses you.
The kobold barely misses you. The bat barely misses you.
Aiming: Throw Flame
Press: ? - help, Q - select action, (/) - cycle Shift-Dir - straight line, f/p - gnoll
Aim: a gnoll, wielding a +0 flail (almost dead, 72% to hit)
The puff of flame misses the gnoll.
The bat hits you but does no damage. The bat closely misses you.
The gnoll barely misses you. The gnoll hits you with a +0 flail.
You die...

#### #..
#.# #.##
#####..##
...g@b..#
.>ggK8...+
........##
#####..##
.###...#.##
...#.<.#.#
#........
###.......
.....#.###


You could see 3 gnolls, a bat and a kobold.

Vanquished Creatures
  2 adders (D:2)
  4 orcs (D:3)
  2 bats (D:1)
  3 endoplasms
  2 goblins
  2 hobgoblins
  3 jackals (D:2)
  A kobold (D:1)
  A quokka (D:2)
20 creatures vanquished.

Notes
Turn   | Place    | Note
-------+----------+-------------------------------------------
     0 | D:1      | lesaewzxc the Kobold Arcane Marksman began the quest for
                  | the Orb.
     0 | D:1      | Reached XP level 1. HP: 12/12 MP: 2/2
    11 | D:1      | Found Ineoxem's Antique Armour Emporium.
   131 | D:1      | Reached XP level 2. HP: 6/16 MP: 3/3
   705 | D:2      | Reached XP level 3. HP: 20/21 MP: 5/5
   816 | D:2      | Found a bloodstained altar of Trog.
  1073 | D:2      | Found Woduojagh's Distillery.
  1085 | D:2      | Bought a potion of curing for 42 gold pieces
  1152 | D:3      | Noticed Grinder
  1163 | D:3      | Slain by a gnoll

Illustrated notes

Levels and vault maps discovered:
D:1:      dpeg_arrival_windows_large_door, layout_loops_ring, serial_shops,
          nicolae_shop_waterfront, corner_web_ring
D:2:      layout_loops_ring, basic_altar, serial_shops, shop,
          ebering_ecumenical_altar_hall
D:3:      layout_rooms, grunt_ministairs_14, minmay_misc_feat_roman,
          uniq_grinder

Skill      XL: |  1  2  3 |
---------------+----------+-----
Crossbows      | 3 |  3.3
Dodging        | 3 |  3.0
Fighting       | |  1.8
Spellcasting   | |  1.7
Hexes          | |  3.3

Action                   || total
-------------------------++-------
 Fire: Hand crossbow     ||    55
Evoke: Wand              ||    13
  Use: Potion            ||     6
       Scroll            ||     3
Armor: Robe              ||     5
Dodge: Dodged            ||    63

Table legend: (Time is in decaauts)
 A = Elapsed time spent in this place.
 B = Non-inter-level travel time spent in this place.
 C = Inter-level travel time spent in this place.
 D = Time resting spent in this place.
 E = Time spent auto-exploring this place.
 F = Levels seen in this place.
 G = Mean time per level.
                   A        B        C        D        E       F      G
               +--------+--------+--------+--------+--------+-----+--------+
         Total |   1162 |   1162 |      0 |      0 |     77 |   3 |  387.3 |
       Dungeon |   1162 |   1162 |      0 |      0 |     77 |   3 |  387.3 |
               +--------+--------+--------+--------+--------+-----+--------+

Top non-repeatable levels by time:
     D:2: 578 daAuts
     D:1: 516 daAuts
     D:3: 67 daAuts
